 Dungeon Crawl Stone Soup version 0.27.1-34-g3ba077fa99 (webtiles) character file.

Game seed: 11852568652566483052

41 cbfl8 the Sneak (level 3, 0/33 HPs)
             Began as a Minotaur Delver on Jan 21, 2022.
             Slain by an orc wizard (2 damage)
             ... on level 3 of the Dungeon.
             The game lasted 00:02:16 (654 turns).

cbfl8 the Sneak (Minotaur Delver)                    Turns: 654, Time: 00:02:17

Health: 0/33       AC:  6    Str: 17    XL:     3   Next: 32%
Magic:  2/2        EV: 10    Int:  7    God:
Gold:   17         SH:  0    Dex: 11    Spells: 2/2 levels left

rFire    . . .     SeeInvis .   a - +0 hand axe
rCold    . . .     Faith    .   (no shield)
rNeg     . . .     Spirit   .   k - +0 scale mail
rPois    +         Reflect  .   (helmet restricted)
rElec    .         Harm     .   (no cloak)
rCorr    .         Rampage  .   (no gloves)
Will     .....                  (no boots)
Stlth    +.........             (no amulet)
HPRegen  0.11/turn              i - ring of poison resistance
MPRegen  0.08/turn              (no ring)

@: no status effects
A: horns 2, retaliatory headbutt
a: no special abilities


You were on level 3 of the Dungeon.
You visited 1 branch of the dungeon, and saw 3 of its levels.

You collected 17 gold pieces.

Inventory:

Hand Weapons
 a - a +0 hand axe (weapon)
Armour
 b - a +0 leather armour
 k - a +0 scale mail (worn)
Jewellery
 i - a ring of poison resistance (left hand)
Wands
 g - a wand of digging (3)
Scrolls
 c - a scroll of fog
 d - 3 scrolls of identify {unknown}
 e - a scroll of fear
 j - a scroll of noise {unknown}
Potions
 f - a potion of haste
 h - a potion of ambrosia {unknown}


   Skills:
 + Level 4.0 Fighting
 + Level 2.6 Axes
 + Level 0.6 Armour
 + Level 2.3 Dodging
 + Level 4.8 Stealth


You had 2 spell levels left.
You didn't know any spells.
Your spell library was empty.

Dungeon Overview and Level Annotations

Branches:
Dungeon (5/15)
 Temple: D:4-7

Altars:
Okawaru


Innate Abilities, Weirdness & Mutations

You have a pair of horns on your head.
You reflexively headbutt those who attack you in melee.


Message History

You bump into the rock wall.
You feel less confused. Something hits you but does no damage.
You miss something. You headbutt something!
Reactivating autopickup.
You feel a bit more experienced.
Your Fighting skill increases to level 4!
You have reached level 3!
Your experience leads to an increase in your attributes!
Increase (S)trength, (I)ntelligence, or (D)exterity?
You feel stronger.
Deactivating autopickup; reactivate with Ctrl-A.
You barely miss something. Your headbutt misses something.
You hear some strange, mumbled words.
A magic dart appears from out of thin air!
The magic dart hits you.
You slash something! Something hits you but does no damage. Something hits you.
Unknown command.
You miss something.
You hear some strange, mumbled words.
You are confused.
You bump into the rock wall.
You hear some strange, mumbled words.
A magic dart appears from out of thin air!
The magic dart hits you.
* * * LOW HITPOINT WARNING * * *
Unknown command.
You bump into the rock wall.
Something hits you but does no damage.
You hear some strange, mumbled words.
A puff of flame appears from out of thin air!
The puff of flame hits you.
* * * LOW HITPOINT WARNING * * *
You're too confused to move!
Something hits you but does no damage.
You miss something.
You feel less confused. Something hits you.
* * * LOW HITPOINT WARNING * * *
You closely miss something. Something hits you but does no damage.
You closely miss something. Your headbutt misses something. Something hits you.
You die...

........##.........o....
........#######.######.#
#########
#.######.####...
#..##.........?.
##.##.##.####.#. #)#
.##†# #o# .##.#
#{##.##.# #@.#.##.#
##.#.##.# #.#.##.#
#.#.##.# #...##.#
##..##.# ##########
#..##.#
#........######..##.#
#........#..........#


You could see an orc.

Vanquished Creatures
  An orc wizard (D:3)
  An adder (D:5)
  2 orcs (D:3)
  A giant cockroach (D:3)
  A bat (D:3)
  A rat (D:3)
7 creatures vanquished.

Notes
Turn   | Place    | Note
-------+----------+-------------------------------------------
     0 | D:5      | cbfl8 the Minotaur Delver began the quest for the Orb.
     0 | D:5      | Reached XP level 1. HP: 19/19 MP: 0/0
    70 | D:5      | Reached XP level 2. HP: 25/27 MP: 1/1
    93 | D:5      | Noticed an ogre
   328 | D:3      | Found an iron altar of Okawaru.
   644 | D:3      | Reached XP level 3. HP: 15/33 MP: 2/2
   654 | D:3      | Slain by an orc wizard

Illustrated notes

Levels and vault maps discovered:
D:3:      layout_basic, okawaru_metal_pillars_3
D:4:      layout_loops_ring, chequers_temple_overflow_minitemple,
          mainiacjoe_overflow_boulevard, uniq_eustachio
D:5:      layout_gridville, doesnt_xom_only_xom, enter_ossuary_4

Skill      XL: |  1  2 |
---------------+-------+-----
Fighting       | 4 |  4.0
Axes           | |  2.6
Armour         | |  0.6
Dodging        | |  2.3
Stealth        | |  4.8

Action                   || total
-------------------------++-------
Melee: Hand axe          ||    20
       Headbutt          ||     5
  Use: Scroll            ||     1
Armor: Scale mail        ||     8
       Leather armour    ||     1
Dodge: Dodged            ||    10
